 Dungeon Crawl Stone Soup version 0.17.0 (webtiles) character file.

49 KINGKRU the Skirmisher (level 3, -1/33 HPs)
             Began as a Hill Orc Fighter on Nov 17, 2015.
             Was an Initiate of the Shining One.
             Slain by a gnoll
             ... wielding a +0 whip
              (3 damage)
             ... on level 2 of the Dungeon.
             The game lasted 00:05:06 (1341 turns).

KINGKRU the Skirmisher (Hill Orc Fighter)           Turns: 1341, Time: 00:05:06

Health: -1/33      AC:  8    Str: 19    XL:     3   Next: 77%
Magic:  3/3        EV:  7    Int:  8    God:    the Shining One [......]
Gold:   79         SH:  9    Dex: 10    Spells: 0 memorised, 2 levels left

rFire  . . .     SeeInvis .     a - +0 long sword
rCold  . . .     Clarity  .     b - +0 scale mail
rNeg   . . .     SustAt   .     c - +0 shield
rPois  .         Gourm    .     f - +0 helmet
rElec  .         Spirit   .     (no cloak)
rCorr  .         Warding  .     (no gloves)
rMut   .         Stasis   .     (no boots)
MR     .....                    (no amulet)
Stlth  ..........               (no ring)
                                (no ring)

@: not resistant to hostile enchantments, extremely unstealthy
A: no striking features
a: Renounce Religion


You were on level 2 of the Dungeon.
You worshipped the Shining One.
The Shining One was noncommittal.
You were not hungry.

You visited 1 branch of the dungeon, and saw 3 of its levels.

You collected 79 gold pieces.

Inventory:

Hand Weapons
 a - a +0 long sword (weapon)
Armour
 b - a +0 scale mail (worn)
 c - a +0 shield (worn)
 f - a +0 helmet (worn)
Wands
 r - a wand of polymorph (4)
Scrolls
 h - a scroll of remove curse {unknown}
 i - a scroll of amnesia {unknown}
 j - 2 scrolls of blinking {unknown}
 l - a scroll of noise {unknown}
 m - 2 scrolls of fear {unknown}
 o - a scroll of enchant weapon {unknown}
 q - a scroll of identify {unknown}
 s - a scroll of teleportation {unknown}
 t - a scroll of random uselessness {unknown}
Potions
 d - a potion of might
 g - a potion of heal wounds {unknown}
 n - a potion of agility {unknown}
Comestibles
 e - 3 bread rations
 k - 3 fruits
 p - a meat ration


   Skills:
 + Level 3.9 Fighting
 + Level 2.4 Long Blades
 + Level 3.7 Armour
 + Level 1.4 Dodging
 + Level 3.6 Shields


You had 2 spell levels left.
You didn't know any spells.

Dungeon Overview and Level Annotations

Branches:
Dungeon (3/15)

Altars:
The Shining One


Message History

You closely miss the giant cockroach. The gnoll hits you but does no damage.
The gnoll hits you with a whip.
* * * LOW HITPOINT WARNING * * *
The giant cockroach closely misses you. The ooze hits you but does no damage.
The giant cockroach bites you but does no damage.
The gnoll hits you but does no damage. x2
The ooze hits you.
* * * LOW HITPOINT WARNING * * *
You climb upwards.
The gnoll hits you but does no damage.
There is a stone staircase leading down here.
You miss the bat.
The gnoll shouts!
The bat hits you but does no damage. You block the giant cockroach's attack.
You block the gnoll's attack. The gnoll hits you with a whip.
* * * LOW HITPOINT WARNING * * *
You block the gnoll's attack. The ooze hits you but does no damage.
The giant cockroach bites you but does no damage.
The gnoll barely misses you. The gnoll hits you but does no damage.
The gnoll hits you with a whip.
You die...

.# #........# .# #.
#.#####.## ?#.
#.#.#####.### # #.#
#............
..#######.#### ##.###.#.##.
.........g..# # #.#.##.
..........### .# #.#.##.
#.####...gg....##.###.#.##.
#.....<...@J...............
######..).sg......#######..
##..b..)......# #..
#.............# #..
#%#######.#.#.........# #.#
#..............#...#### #.#
######.....#.##...# #.#
#.#.#........# #[#
###.....#.#...## #.#


You could see 4 gnolls, an ooze, a giant cockroach and a bat.

Vanquished Creatures
  An adder (D:2)
  A worm (D:2)
  A giant cockroach (D:2)
  5 hobgoblins (D:2)
  10 bats
  A giant gecko (D:1)
  4 goblins
  5 kobolds (D:1)
  A quokka (D:1)
  8 rats
37 creatures vanquished.

Notes
Turn   | Place    | Note
--------------------------------------------------------------
     0 | D:1      | KINGKRU the Hill Orc Fighter began the quest for the Orb.
     0 | D:1      | Reached XP level 1. HP: 19/19 MP: 1/1
   111 | D:1      | Reached XP level 2. HP: 27/27 MP: 2/2
   262 | D:1      | Found a glowing golden altar of the Shining One.
   333 | D:1      | Became a worshipper of the Shining One
   687 | D:2      | Reached XP level 3. HP: 33/33 MP: 3/3
   703 | D:2      | Reached skill level 1 in Dodging
  1341 | D:2      | Slain by a gnoll

Action                   || total
-------------------------++-------
Melee: Long sword        ||   151
  Eat: Fruit             ||     2
